 Dungeon Crawl Stone Soup version 0.17-a0-417-gc4a8610 (webtiles) character file.

128 Malachi the Insei (level 4, 0/52 HPs)
             Began as a Demigod Transmuter on Apr 3, 2015.
             Succumbed to a worker ant's poison
             ... on level 4 of the Dungeon.
             The game lasted 00:05:53 (3285 turns).

Malachi the Insei (Demigod Transmuter)              Turns: 3285, Time: 00:05:53

Health: 0/52       AC: 22    Str: 11 (13) XL:     4   Next: 58%
Magic:  8/8        EV:  2    Int: 19      God:
Gold:   127        SH:  0    Dex: 21      Spells: 3 memorised, 1 level left

rFire  . . .     SeeInvis .       - Unarmed
rCold  . . .     Clarity  .     (armour currently unavailable)
rNeg   + + +     SustAb   +     (no shield)
rPois  +         Gourm    .     (helmet currently unavailable)
rElec  .         Spirit   .     (cloak currently unavailable)
rCorr  .         Warding  .     (gloves currently unavailable)
rMut   .         NoTele   +     (boots currently unavailable)
MR     .....                    (no amulet)
Stlth  +++.......               (no ring)
                                (no ring)

@: agile, lethally poisoned (0 -> -9), tree-form, very slightly contaminated,
hasted, invisible, very quick, not resistant to hostile enchantments, fairly
stealthy
A: high mp 1, sustain abilities
a: no special abilities


You were on level 4 of the Dungeon.
You were not hungry.
You were a tree.
You visited 1 branch of the dungeon, and saw 4 of its levels.

You collected 127 gold pieces.

Inventory:

Hand weapons
 e - a +2 mace of venom
 m - a +0 whip of venom
 x - a +0 hand crossbow
Missiles
 b - 58 arrows
 n - 11 poisoned needles
 y - 12 arrows of flame
Armour
 c - a +0 robe (melded)
 j - a +1 pair of gloves (melded)
Magical devices
 u - a wand of polymorph (11)
Scrolls
 f - a scroll of immolation {unknown}
 h - 3 scrolls of magic mapping {unknown}
 i - 6 scrolls of identify {unknown}
 q - 2 scrolls of enchant armour {unknown}
Potions
 k - a potion of might
 v - a potion of invisibility
 w - a potion of restore abilities {unknown}
Books
 d - a book of Changes

   Spells                             Type                      Level
   a - Beastly Appendage              Transmutation                1
   b - Sticks to Snakes               Transmutation                2
   c - Spider Form                    Transmutation/Poison         3
   d - Ice Form                       Ice/Transmutation            4
   e - Blade Hands                    Transmutation                5
Comestibles
 a - 2 bread rations
 g - 2 meat rations
 o - a beef jerky
 p - 4 fruits
 z - a chunk of flesh


   Skills:
 + Level 1.2 Fighting
 + Level 0.3 Maces & Flails
 + Level 2.8 Dodging
 + Level 0.8 Stealth
 * Level 3.5 Unarmed Combat
 + Level 2.3 Spellcasting
 * Level 2.4 Transmutations


You had one spell level left.
You knew the following spells:

 Your Spells              Type           Power        Failure   Level  Hunger
a - Beastly Appendage     Trmt           ##....       10%         1    #......
b - Sticks to Snakes      Trmt           ##........   12%         2    ##.....
c - Spider Form           Trmt/Pois      #.........   34%         3    ###....


Dungeon Overview and Level Annotations

Branches:
Dungeon (4/15)
 Temple: D:4-7

Annotations:
D:3 namelastname112's ghost, average DrSu


Innate Abilities, Weirdness & Mutations

You have an increased reservoir of magic (+10% MP).
Your attributes are resistant to harm.


Message History

* * * LOW HITPOINT WARNING * * *
You feel sick. The worker ant barely misses you.
Drink which item? (? for menu, Esc to quit)
It was a potion of agility.
You feel agile all of a sudden.
The worker ant waves its antennae.
The worker ant closely misses you.
Drink which item? (? for menu, Esc to quit)
It was a potion of degeneration.
There was something very wrong with that liquid.
You feel somewhat weakened.
* * * LOW HITPOINT WARNING * * *
You feel sick. The worker ant closely misses you.
Drink which item? (? for menu, Esc to quit)
It was a potion of lignification.
Your horns disappear.
You turn into a tree.
Your +1 pair of gloves melds into your body.
Your +0 robe melds into your body.
Your roots penetrate the ground.
You die...

#†# #.# ##'###.#
####...##.#
#......##.# .
####...##.# ..#
#....##..
....#####....####
#.......#..........
#......a♣....###.
###....#####.#
##### ..# .#


You could see a worker ant.

Vanquished Creatures
  6 adders
  A gnoll (D:1)
  A giant mite (D:3)
  2 worms (D:3)
  3 orcs
  2 hobgoblins (D:1)
  6 jackals
  3 kobolds
  2 quokkas (D:3)
  9 bats
  2 giant cockroaches
  A giant cockroach zombie (D:1)
  2 giant newts
  4 goblins
  11 rats
55 creatures vanquished.

Notes
Turn   | Place    | Note
--------------------------------------------------------------
     0 | D:1      | Malachi, the Demigod Transmuter, began the quest for the Orb.
     0 | D:1      | Reached XP level 1. HP: 15/15 MP: 5/5
   267 | D:1      | Reached skill level 3 in Unarmed Combat
   267 | D:1      | Reached XP level 2. HP: 5/22 MP: 6/6
  1132 | D:1      | Learned a level 2 spell: Sticks to Snakes
  1160 | D:2      | Reached skill level 1 in Fighting
  1376 | D:2      | Found an opulent altar of Gozag.
  1490 | D:2      | Reached XP level 3. HP: 19/28 MP: 7/7
  1749 | D:3      | Learned a level 3 spell: Spider Form
  1828 | D:3      | Found an iron altar of Okawaru.
  2142 | D:3      | Found a shattered altar of Ashenzari.
  2147 | D:3      | Reached XP level 4. HP: 13/35 MP: 8/8
  2460 | D:3      | Found a sparkling altar of Nemelex Xobeh.
  2512 | D:3      | Noticed namelastname112's ghost (average DrSu)
  3284 | D:4      | HP: 1/35 [poisoned by a worker ant]
  3285 | D:4      | Succumbed to a worker ant's poison

Action                   |  1- 3 |  4- 6 || total
-------------------------+-------+-------++-------
Melee: Mace              |    41 |       ||    41
       Unarmed           |     2 |    75 ||    77
       Whip              |    81 |    19 ||   100
 Cast: Beastly Appendage |     3 |     5 ||     8
       Spider Form       |       |     2 ||     2
  Use: Potion            |       |     8 ||     8
 Stab: Sleeping          |       |     1 ||     1
  Eat: Chunk             |     4 |     2 ||     6
       Fruit             |       |     2 ||     2
